 Dungeon Crawl Stone Soup version 0.30-a0-845-g7c6808c8ce (webtiles) character file.

Game seed: 4166750004745386047

9324 greenreed the Thaumaturge (level 11, -7/48 HPs)
             Began as a Spriggan Earth Elementalist on Mar 2, 2023.
             Was a High Priest of Kikubaaqudgha.
             Mangled by a death yak simulacrum (21 damage)
             ... in an ice cave.
             The game lasted 00:24:00 (11330 turns).

greenreed the Thaumaturge (SpEE)                   Turns: 11330, Time: 00:24:01

Health: -7/48      AC:  3    Str:  4    XL:     11   Next: 21%
Magic:  1/30       EV: 18    Int: 22    God:    Kikubaaqudgha [*****.]
Gold:   1331       SH:  0    Dex: 15    Spells: 16/38 levels left

rFire   . . .      SeeInvis +    (weapon restricted)
rCold   . . .      Faith    +    (no shield)
rNeg    + . .      Spirit   .    O - +1 robe {rN+}
rPois   .          Reflect  .    (helmet restricted)
rElec   .          Rampage  .    (no cloak)
rCorr   .                        (gloves unavailable)
Will    ++...                    (boots unavailable)
Stlth   +++                      B - amulet of faith
HPRegen 0.28/turn                D - ring of flight
MPRegen 0.22/turn                j - ring of willpower

@: flying, very quick
A: very small, no large weapons, unfitting armour, see invisible, speed 3
a: Renounce Religion, Unearth Wretches, Torment


You were in an ice cave.
You worshipped Kikubaaqudgha.
Kikubaaqudgha was extremely pleased with you.
You visited 2 branches of the dungeon, and saw 12 of its levels.
You also visited: Bailey and Ice Cave.

You collected 1426 gold pieces.
You spent 95 gold pieces at shops.

Inventory:

Missiles
 K - 2 throwing nets
Armour
 O - a +1 robe of positive energy (worn)
Jewellery
 f - a ring of poison resistance
 j - a ring of willpower (right hand)
 u - a ring of positive energy
 x - an amulet of the acrobat
 B - an amulet of faith (around neck)
 D - a ring of flight (left hand)
Wands
 z - a wand of digging (4)
 H - a wand of mindburst (23)
 I - a wand of roots (19)
 N - a wand of quicksilver (6)
Scrolls
 d - 3 scrolls of magic mapping {unknown}
 e - 8 scrolls of identify {unknown}
 h - 2 scrolls of fear {unknown}
 o - 6 scrolls of teleportation {unknown}
 p - 2 scrolls of poison {unknown}
 q - 7 scrolls of fog {unknown}
 r - a scroll of silence {unknown}
 w - 2 scrolls of vulnerability {unknown}
 y - a scroll of blinking {unknown}
 A - 2 scrolls of summoning {unknown}
 C - 2 scrolls of immolation {unknown}
 F - 2 scrolls of enchant weapon {unknown}
 G - a scroll of enchant armour {unknown}
 M - a scroll of noise {unknown}
Potions
 b - a potion of magic
 c - 3 potions of brilliance {unknown}
 g - 5 potions of flight
 i - 4 potions of lignification {unknown}
 k - 2 potions of berserk rage {unknown}
 l - a potion of mutation {unknown}
 m - a potion of cancellation {unknown}
 n - 2 potions of haste
 s - 4 potions of curing {unknown}
 t - a potion of resistance {unknown}
 v - 2 potions of attraction {unknown}
 E - a potion of might {unknown}
 J - 2 potions of heal wounds {unknown}
 L - 2 potions of degeneration {unknown}


   Skills:
 + Level 0.8 Fighting
 + Level 3.8 Dodging
 + Level 3.9 Stealth
 * Level 14.2 Spellcasting
 + Level 1.0 Conjurations
 + Level 1.3 Transmutations
 * Level 11.8 Earth Magic
 + Level 0.3 Evocations


You had 16 spell levels left.
You knew the following spells:

 Your Spells              Type           Power      Damage    Failure   Level
a - Sandblast             Erth           100%       2d20      1%          1
b - Passwall              Tmut/Erth      36%        N/A       1%          2
c - Stone Arrow           Conj/Erth      88%        3d12      1%          3
d - Borgnjor's Vile Clut  Necr/Erth      20%        N/A       10%         5
e - Petrify               Tmut/Erth      44%        N/A       2%          4
f - Anguish               Hex/Necr       7%         N/A       36%         4
g - Tukima's Dance        Hex            15%        N/A       12%         3

Your spell library contained the following spells:

 Spells                   Type           Power      Damage    Failure   Level
 Kiss of Death            Conj/Necr      68%        2d10      3%          1
 Animate Armour           Summ/Erth      82%        N/A       3%          4
 Necrotise                Necr           60%        1d7       4%          1
 Cigotuvi's Dreadful Rot  Necr/Pois/Air  30%        N/A       6%          2
 Poisonous Vapours        Pois/Air       30%        N/A       6%          2
 Sublimation of Blood     Necr           15%        N/A       6%          2
 Mephitic Cloud           Conj/Pois/Air  17%        N/A       11%         3
 Frozen Ramparts          Ice            30%        1d5       12%         3
 Inner Flame              Hex/Fire       15%        N/A       12%         3
 Ice Form                 Ice/Tmut       18%        N/A       28%         4
 Flame Wave               Conj/Fire      17%        2d7       32%         4
 Sticky Flame             Conj/Fire      17%        2d4       32%         4
 Animate Dead             Necr           15%        N/A       36%         4
 Passage of Golubria      Tloc           15%        N/A       36%         4
 Summon Ice Beast         Ice/Summ       15%        N/A       36%         4
 Yara's Violent Unravell  Hex/Tmut       9%         3d6       63%         5
 Agony                    Necr           15%        N/A       73%         5
 Simulacrum               Ice/Necr       7%         N/A       99%         6
 Lehudib's Crystal Spear  Conj/Erth      22%        10d6      100%        8


Dungeon Overview and Level Annotations

Branches:
Dungeon (11/15)            Temple (1/1) D:6            Lair (0/5) D:10
    Orc (0/2) D:9          Bailey (visited)           IceCv (1/1)

Altars:
Ashenzari
Cheibriados
Dithmenos
Elyvilon
Fedhas
Gozag
Hepliaklqana
Kikubaaqudgha
Makhleb
Nemelex Xobeh
Okawaru
Qazlal
Ru
Sif Muna
Trog
Uskayaw
Vehumet
Wu Jian
Xom
Yredelemnul
Zin
The Shining One

Shops:
D:4 *


Innate Abilities, Weirdness & Mutations

You are very small and have problems with some larger weapons.
You are too small for most types of armour.
You have supernaturally acute eyesight. (SInv)
You cover ground extremely quickly. (Speed+++)


Message History

Press: ? - help, Shift-Dir - straight line, f/p - death yak simulacrum
Aim: a death yak simulacrum (heavily damaged, 100% to hit)
The stone arrow hits the death yak simulacrum.
The death yak simulacrum is severely damaged.
Casting: Stone Arrow (safe; 1% risk of failure)
Confirm with . or Enter, or press ? or * to list all spells.
Aiming: Stone Arrow (safe; 1% risk of failure)
Press: ? - help, Shift-Dir - straight line, f/p - death yak simulacrum
Aim: a death yak simulacrum (severely damaged, 100% to hit)
The stone arrow hits the death yak simulacrum!
The death yak simulacrum vaporises!
Kikubaaqudgha accepts your kill.
Casting: Stone Arrow (safe; 1% risk of failure)
Confirm with . or Enter, or press ? or * to list all spells.
Aiming: Stone Arrow (safe; 1% risk of failure)
Press: ? - help, Shift-Dir - straight line, f - death yak simulacrum
Aim: a death yak simulacrum (100% to hit)
The stone arrow hits the death yak simulacrum!
The death yak simulacrum is moderately damaged.
Casting: Stone Arrow (safe; 1% risk of failure)
Confirm with . or Enter, or press ? or * to list all spells.
Okay, then.
You are too injured to fight recklessly!
Casting: Stone Arrow (safe; 1% risk of failure)
Confirm with . or Enter, or press ? or * to list all spells.
Aiming: Sandblast (safe; 1% risk of failure)
Press: ? - help, Shift-Dir - straight line, f/p - death yak simulacrum
Aim: a death yak simulacrum (freezing vapour, moderately damaged, 100% to hit)
The blast of sand hits the death yak simulacrum!
The death yak simulacrum is heavily damaged.
Casting: Sandblast (safe; 1% risk of failure)
Confirm with . or Enter, or press ? or * to list all spells.
Aiming: Sandblast (safe; 1% risk of failure)
Press: ? - help, Shift-Dir - straight line, f/p - death yak simulacrum
Aim: a death yak simulacrum (heavily damaged, 100% to hit)
The blast of sand hits the death yak simulacrum but does no damage.
The death yak simulacrum is heavily damaged.
The death yak simulacrum gores you!!
You die...
Kikubaaqudgha rasps: "You have failed me!
Welcome... death!"

#######
#.....##
#......## Z
#.......#..Z.
#.@Z°∩.......
#.......#....
#......## Z
#.....##
#######


You could see a death yak simulacrum.

Vanquished Creatures
  Pikel (D:8)
  Maurice (D:8)
  Psyche (D:10)
  A hornet (D:7)
  A wraith (D:10)
  2 wyverns (D:8)
  2 shadows
  12 yaks
  The ghost of hikkokomori the Changer, an amateur DgTm (D:4)
  2 wargs (D:10)
  A death yak simulacrum (IceCv)
  An acid dragon (D:10)
  5 ice beasts
  Pargi (D:4)
  A black bear (D:6)
  A sky beast (D:7)
  8 orc warriors
  3 centaurs
  A lemure (D:8)
  A phantom (D:4)
  2 kobold brigands
  2 bullfrogs
  2 scorpions
  2 gnoll sergeants
  13 wights
  14 killer bees
  An elephant simulacrum (IceCv)
  3 howler monkeys
  4 hounds
  6 orc priests
  A gnoll bouda (D:6)
  A human zombie (D:4)
  2 jellies
  A sleepcap (D:5)
  2 scorpion zombies (D:4)
  5 orc wizards
  A wolf simulacrum (IceCv)
  3 hound zombies (D:4)
  4 mummies (D:4)
  28 gnolls
  10 adders
  15 white imps
  2 ufetubi
  An adder zombie (D:4)
  3 worms
  33 orcs
  8 bats
  3 endoplasms
  2 giant cockroaches
  7 goblins
  10 hobgoblins
  2 quokkas
  5 ball pythons
  2 frilled lizards (D:1)
  29 kobolds
  6 rats
282 creatures vanquished.

Notes
Turn   | Place    | Note
-------+----------+-------------------------------------------
     0 | D:1      | greenreed the Spriggan Earth Elementalist began the quest
                  | for the Orb.
     0 | D:1      | Reached XP level 1. HP: 9/9 MP: 5/5
   354 | D:1      | Reached XP level 2. HP: 13/13 MP: 4/6
   443 | D:1      | Reached skill level 3 in Spellcasting
   994 | D:2      | Reached XP level 3. HP: 12/16 MP: 2/9
  1181 | D:2      | You fall into a shaft and drop 2 floors!
  1248 | D:3      | Reached XP level 4. HP: 21/21 MP: 8/10
  1374 | D:3      | Found a hide-covered altar of Uskayaw.
  1378 | D:3      | Reached skill level 4 in Spellcasting
  2553 | D:4      | Found a runed translucent door.
  2592 | D:4      | Noticed hikkokomori's ghost (amateur DgTm)
  2755 | D:4      | Reached XP level 5. HP: 14/24 MP: 6/12
  2944 | D:4      | Reached skill level 5 in Spellcasting
  3030 | D:4      | Noticed a phantom
  3034 | D:4      | Killed a phantom
  3035 | D:4      | Reached skill level 5 in Earth Magic
  3035 | D:4      | Reached XP level 6. HP: 21/28 MP: 9/15
  3217 | D:4      | Found a white marble altar of Elyvilon.
  3384 | D:4      | Learned a level 2 spell: Passwall
  3436 | D:4      | Found a basalt altar of Yredelemnul.
  3491 | D:4      | Reached skill level 6 in Spellcasting
  3537 | D:4      | Reached XP level 7. HP: 31/32 MP: 13/17
  3700 | D:4      | Noticed Pargi
  3704 | D:4      | Killed Pargi
  3722 | D:4      | Found Weosm's Assorted Antiques.
  3751 | D:4      | Bought a small jade amulet for 95 gold pieces
  3854 | D:4      | Killed hikkokomori's ghost
  3855 | D:4      | Reached skill level 7 in Spellcasting
  3938 | D:5      | Entered Level 5 of the Dungeon
  4035 | D:5      | Reached XP level 8. HP: 24/36 MP: 16/20
  4136 | D:5      | Reached skill level 8 in Spellcasting
  4191 | D:4      | Reached skill level 9 in Spellcasting
  4885 | D:5      | Reached skill level 10 in Spellcasting
  4885 | D:5      | Reached XP level 9. HP: 39/39 MP: 18/24
  5075 | D:6      | Found a staircase to the Ecumenical Temple.
  5136 | Temple   | Entered the Ecumenical Temple
  5237 | Temple   | Became a worshipper of Kikubaaqudgha
  5631 | D:5      | Learned a level 3 spell: Stone Arrow
  5870 | D:6      | Reached * piety under Kikubaaqudgha
  5870 | D:6      | Received a gift from Kikubaaqudgha
  6234 | D:7      | Found a flagged portal.
  6246 | Bailey   | Entered a bailey
  6506 | Bailey   | Reached skill level 11 in Spellcasting
  7031 | D:7      | Reached ** piety under Kikubaaqudgha
  7331 | D:7      | Reached skill level 10 in Earth Magic
  7331 | D:7      | Reached XP level 10. HP: 44/44 MP: 22/26
  7431 | D:7      | Reached skill level 12 in Spellcasting
  8307 | D:8      | Noticed Maurice
  8326 | D:8      | Reached *** piety under Kikubaaqudgha
  8326 | D:8      | Received a gift from Kikubaaqudgha
  8339 | D:8      | Killed Maurice
  8624 | D:8      | Noticed Pikel
  8633 | D:8      | Killed Pikel
  8634 | D:8      | Reached skill level 13 in Spellcasting
  8962 | D:8      | Learned a level 5 spell: Borgnjor's Vile Clutch
  8967 | D:8      | Learned a level 4 spell: Petrify
  8972 | D:8      | Learned a level 4 spell: Anguish
  8988 | D:8      | Learned a level 3 spell: Tukima's Dance
  9169 | D:9      | Reached skill level 1 in Conjurations
  9206 | D:9      | Found a staircase to the Orcish Mines.
  9338 | D:9      | Found a sacrificial altar of Ru.
  9687 | D:9      | Found a burning altar of Makhleb.
  9745 | D:9      | Reached **** piety under Kikubaaqudgha
 10088 | D:10     | Entered Level 10 of the Dungeon
 10090 | D:10     | Found a staircase to the Lair.
 10098 | D:10     | Reached XP level 11. HP: 46/47 MP: 24/29
 10275 | D:10     | Found a stormy altar of Qazlal.
 10853 | D:10     | Noticed Psyche
 10858 | D:10     | Killed Psyche
 10859 | D:10     | Reached skill level 14 in Spellcasting
 11081 | D:11     | Found a frozen archway.
 11308 | D:11     | Reached ***** piety under Kikubaaqudgha
 11314 | IceCv    | Entered an ice cave
 11330 | IceCv    | Mangled by a death yak simulacrum

Illustrated notes

Levels and vault maps discovered:
D:1:      dpeg_arrival_signposts, layout_loops_ring
D:2:      layout_rooms, small_statue_intersection, minmay_crystal_water
D:3:      layout_basic, mainiacjoe_overflow_six_doors_small
D:4:      layout_basic, lemuel_mausoleum_altar_yredelemnul, elyvilon_altar_5,
          serial_shops, nicolae_shop_stone, ebering_ghost_reflecting_pool,
          nicolae_concentric_dashed_squares_wild, uniq_pargi
D:5:      layout_rooms, serial_rivers, chequers_serial_rivers_large_b,
          chequers_serial_rivers_micro_a, chequers_serial_rivers_micro_e,
          chequers_serial_rivers_room_a, kennysheep_generic_room_7
D:6:      layout_cave_pools, minmay_temple_entry_statues_pillars
D:7:      layout_loops_corners, enter_bailey_4, st_stairs_10,
          due_unseen_surprise
D:8:      layout_basic, nrook_mini_backslash, uniq_pikel, uniq_maurice
D:9:      layout_stronghold, nicolae_ru_sacrificial_ziggurat,
          mainiacjoe_overflow_brackets, minmay_orc_entry_temple_small
D:10:     layout_loops_ring, nicolae_qazlal_style_of_elements,
          erik_lair_orcish_takeover, kennysheep_generic_room_11, uniq_psyche
D:11:     layout_irregular_city, serial_ice, serial_ice_b, serial_ice_h,
          serial_ice_j, serial_ice_a, serial_ice_m, serial_ice_d,
          portal_ice_cave_entry_imps, kennysheep_nondescript
Temple:   minmay_temple_bridge_d
IceCv:    ice_cave_statue_garden_chambered

Skill      XL: |  1  2  3  4  5  6  7  8  9 10 11 |
---------------+----------------------------------+-----
Earth Magic    | 3 4 5 6 8 10 11 | 11.8
Spellcasting   | 3 4 5 6 7 10 11 13 14 | 14.2
Dodging        | 3 |  3.8
Conjurations   | 1 |  1.0
Fighting       | |  0.8
Stealth        | |  3.9
Transmutations | |  1.3
Evocations     | |  0.3

Action                     |  1- 3 |  4- 6 |  7- 9 | 10-12 || total
---------------------------+-------+-------+-------+-------++-------
   Cast: Sandblast         |    36 |   101 |   195 |   142 ||   474
         Stone Arrow       |       |       |     8 |    50 ||    58
         Passwall          |       |       |     2 |       ||     2
  Evoke: Wand              |       |       |       |     2 ||     2
 Armour: Robe              |     2 |     6 |     6 |     1 ||    15
  Dodge: Dodged            |    15 |    41 |   100 |    69 ||   225

Table legend: (Time is in decaauts)
 A = Elapsed time spent in this place.
 B = Non-inter-level travel time spent in this place.
 C = Inter-level travel time spent in this place.
 D = Time resting spent in this place.
 E = Time spent auto-exploring this place.
 F = Levels seen in this place.
 G = Mean time per level.
                   A        B        C        D        E       F      G
               +--------+--------+--------+--------+--------+-----+--------+
         Total |   8774 |   8464 |    310 |    577 |   6287 |  14 |  626.7 |
       Dungeon |   8097 |   7847 |    250 |    515 |   5914 |  11 |  736.1 |
        Temple |    107 |     47 |     60 |      0 |     40 |   1 |  107.0 |
        Bailey |    554 |    554 |      0 |     62 |    331 |   1 |  554.0 |
      Ice Cave |     15 |     15 |      0 |      0 |      0 |   1 |   15.0 |
               +--------+--------+--------+--------+--------+-----+--------+

Top non-repeatable levels by time:
     D:4: 1287 daAuts
     D:8: 1147 daAuts
     D:5: 913 daAuts
    D:10: 912 daAuts
     D:1: 837 daAuts
     D:7: 690 daAuts
     D:9: 674 daAuts
     D:6: 574 daAuts
     D:3: 573 daAuts
  Bailey: 554 daAuts
     D:2: 443 daAuts
  Temple: 107 daAuts
    D:11: 43 daAuts
   IceCv: 15 daAuts
